 Dungeon Crawl Stone Soup version 0.28.0-62-gf88900778d (webtiles) character file.

Game seed: 146122930066592313

97 cbfl8 the Shield-Bearer (level 4, 0/40 HPs)
             Began as a Minotaur Fighter on June 5, 2023.
             Frozen to death by an endoplasm (2 damage)
             ... on level 2 of the Dungeon.
             The game lasted 00:00:55 (1511 turns).

cbfl8 the Shield-Bearer (Minotaur Fighter)          Turns: 1511, Time: 00:00:56

Health: 0/40       AC:  9    Str: 20    XL:     4   Next: 42%
Magic:  3/3        EV:  7    Int:  5    God:
Gold:   27         SH:  5    Dex: 12    Spells: 3/3 levels left

rFire   . . .      SeeInvis .   a - +0 war axe
rCold   . . .      Faith    .   c - +0 buckler
rNeg    . . .      Spirit   .   h - +0 chain mail
rPois   .          Reflect  .   (helmet restricted)
rElec   .          Harm     .   (no cloak)
rCorr   .          Rampage  .   (no gloves)
Will    .....                   (no boots)
Stlth   ..........              (no amulet)
HPRegen 0.13/turn               (no ring)
MPRegen 0.08/turn               (no ring)

@: mighty
A: horns 2, retaliatory headbutt
a: no special abilities


You were on level 2 of the Dungeon.
You visited 1 branch of the dungeon, and saw 2 of its levels.

You collected 27 gold pieces.

Inventory:

Hand Weapons
 a - a +0 war axe (weapon)
Armour
 c - a +0 buckler (worn)
 h - a +0 chain mail (worn)
Scrolls
 b - a scroll of teleportation {unknown}
 f - 2 scrolls of identify {unknown}
Potions
 d - a potion of might
 e - a potion of brilliance {unknown}
 g - a potion of heal wounds {unknown}


   Skills:
 + Level 4.0 Fighting
 + Level 3.5 Axes
 + Level 4.1 Armour
 * Level 4.7 Shields
 * Level 1.1 Evocations


You had 3 spell levels left.
You didn't know any spells.
Your spell library was empty.

Dungeon Overview and Level Annotations

Branches:
Dungeon (2/15)

Altars:


Innate Abilities, Weirdness & Mutations

You have a pair of horns on your head.
You reflexively headbutt those who attack you in melee.


Message History

The gnoll hits you from afar with a +1 vorpal spear!
An endoplasm comes into view.
The gnoll hits you but does no damage.
You have reached level 4!
You feel agile.
The endoplasm quivers.
The gnoll hits you with a +1 vorpal spear.
You see here a +0 whip.
Unknown command.
You slice the gnoll!!
You kill the gnoll!
The gnoll throws a throwing net.
The throwing net hits you.
You become entangled in the net!
You tear a large gash into the net.
You shred the net and break free! The gnoll hits you with a +0 flail.
You slash the gnoll! Your headbutt misses the gnoll.
The gnoll is severely wounded.
The gnoll hits you with a +0 flail. x2
* * * LOW HITPOINT WARNING * * *
You slash the gnoll!
You kill the gnoll!
The gnoll hits you with a +0 club.
* * * LOW HITPOINT WARNING * * *
Unknown command.
You closely miss the gnoll. The gnoll hits you with a +0 club!
* * * LOW HITPOINT WARNING * * *
Unknown command.
You barely miss the gnoll. Your headbutt misses the gnoll.
The gnoll closely misses you. You block the gnoll's attack.
You barely miss the gnoll. You headbutt the gnoll.
The gnoll is moderately wounded.
The gnoll closely misses you.
You slice the gnoll!!
You kill the gnoll!
Your Evocations skill increases to level 1!
You barely miss the endoplasm.
The endoplasm hits you but does no damage.
The endoplasm freezes you.
You are frozen.
You die...

#....'.................
#....#########.........
#....# ##.#######
###### #.# #.# #.# #.#
#.# #@# #J# #.# #.# #.#
#.# #.. ###


You could see an endoplasm.

Vanquished Creatures
  4 gnolls (D:2)
  An adder (D:2)
  3 worms (D:2)
  2 dart slugs
  3 ball pythons
  4 bats
  An endoplasm (D:1)
  A giant cockroach (D:2)
  3 goblins
  3 hobgoblins
  3 jackals (D:2)
  4 kobolds
  A quokka (D:2)
  4 frilled lizards
  2 rats
39 creatures vanquished.

Notes
Turn   | Place    | Note
-------+----------+-------------------------------------------
     0 | D:1      | cbfl8 the Minotaur Fighter began the quest for the Orb.
     0 | D:1      | Reached XP level 1. HP: 19/19 MP: 0/0
   277 | D:1      | Reached XP level 2. HP: 25/27 MP: 1/1
   986 | D:2      | Reached XP level 3. HP: 32/33 MP: 2/2
  1501 | D:2      | Reached XP level 4. HP: 26/40 MP: 3/3
  1507 | D:2      | HP: 1/40 [gnoll/+0 club (7)]
  1511 | D:2      | Reached skill level 1 in Evocations
  1511 | D:2      | Frozen to death by an endoplasm

Illustrated notes

Levels and vault maps discovered:
D:1:      dpeg_arrival_houses_and_road, layout_basic, dk_noncrumbling_3,
          minmay_misc_feat_nine_boxes, minmay_misc_feat_secret_circle
D:2:      layout_basic, solitary_fountain, nrook_mini_backslash

Skill      XL: |  1  2  3  4 |
---------------+-------------+-----
Shields        | 4 |  4.7
Armour         | 4 |  4.1
Fighting       | 4 |  4.0
Axes           | 3 |  3.5
Evocations     | 1 |  1.1

Action                   |  1- 3 |  4- 6 || total
-------------------------+-------+-------++-------
Melee: War axe           |    80 |     8 ||    88
       Headbutt          |     9 |     1 ||    10
  Use: Potion            |     1 |       ||     1
Armor: Scale mail        |     6 |       ||     6
       Chain mail        |    29 |     1 ||    30
Dodge: Dodged            |    33 |     2 ||    35
Block: Buckler           |    15 |     1 ||    16
